 Dungeon Crawl Stone Soup version 0.20-a0-1000-g0e8f6bb (webtiles) character file.

74 Azzok the Ruffian (level 4, -10/38 HPs)
             Began as a Ghoul Fighter on Apr 12, 2017.
             Mangled by Crazy Yiuf
             ... wielding a +4 quarterstaff of chaos
              (15 damage)
             ... on level 3 of the Dungeon.
             The game lasted 00:03:45 (1422 turns).

Azzok the Ruffian (Ghoul Fighter)                   Turns: 1422, Time: 00:03:46

Health: -10/38     AC:  9    Str: 20    XL:     4   Next: 28%
Magic:  3/3        EV:  7    Int:  3    God:
Gold:   93         SH:  8    Dex:  8    Spells: 3/3 levels left

rFire    . . .     SeeInvis .     - Unarmed
rCold    + . .     Gourm    .   b - +0 shield
rNeg     + + +     Faith    .   a - +0 scale mail
rPois    ∞         Spirit   .   (no helmet)
rElec    .         Reflect  .   t - +1 cloak
rCorr    .         Harm     .   (no gloves)
MR       .....                  i - +0 pair of boots
Stlth    ..........             (no amulet)
Regen    0.0/turn               (no ring)
MPRegen  0.1/turn               (no ring)

@: rotting, hasted, very quick
A: rotting body, claws 1, carnivore 3, cold resistance 1, negative energy
resistance 3, inhibited regeneration, torment resistance, unbreathing
a: no special abilities


You were on level 3 of the Dungeon.
You were not hungry.

You visited 1 branch of the dungeon, and saw 3 of its levels.

You collected 93 gold pieces.

Inventory:

Armour
 a - a +0 scale mail (worn)
 b - a +0 shield (worn)
 i - a +0 pair of boots (worn)
 t - a +1 cloak (worn)
Jewellery
 q - a +3 amulet of reflection {unknown}
Scrolls
 e - a scroll of magic mapping {unknown}
 g - 5 scrolls of teleportation {unknown}
 k - a scroll of amnesia {unknown}
 l - a scroll of fear {unknown}
 s - a scroll of blinking {unknown}
 u - a scroll of random uselessness {unknown}
 v - a scroll of enchant weapon {unknown}
Potions
 c - a potion of might
 f - a potion of degeneration {unknown}
 h - 3 potions of flight {unknown}
 j - 3 potions of mutation {unknown}
 m - a potion of brilliance {unknown}
 n - 2 potions of curing {unknown}
 p - a potion of magic {unknown}
 r - a potion of haste {unknown}
Comestibles
 d - 3 meat rations
 o - 8 chunks of flesh


   Skills:
 - Level 3.2 Fighting
 - Level 2.6 Armour
 - Level 2.6 Shields
 * Level 4.8 Unarmed Combat


You had 3 spell levels left.
You didn't know any spells.

Dungeon Overview and Level Annotations

Branches:
Dungeon (3/15)

Altars:
Nemelex Xobeh

Annotations:
D:3 Crazy Yiuf


Innate Abilities, Weirdness & Mutations

Your body is rotting away.
You thrive on raw meat.
You are immune to poison.
You have sharp fingernails.
You are carnivorous and can eat meat at any time.
Your flesh is cold resistant. (rC+)
You are immune to negative energy. (rN+++)
You do not regenerate when monsters are visible.
You are immune to unholy pain and torment.
You can survive without breathing.


Message History

You closely miss Crazy Yiuf.
Crazy Yiuf is moderately wounded.
You block Crazy Yiuf's attack.
You scratch Crazy Yiuf but do no damage.
Crazy Yiuf is moderately wounded.
You barely miss Crazy Yiuf.
Crazy Yiuf is moderately wounded.
You block Crazy Yiuf's attack.
You claw Crazy Yiuf!
Crazy Yiuf is almost dead.
Your shield and scale mail prevent you from hitting Crazy Yiuf.
Crazy Yiuf is almost dead.
Crazy Yiuf waves his quarterstaff at you.
Crazy Yiuf hits you with a quarterstaff of chaos!
You are electrocuted!
* * * LOW HITPOINT WARNING * * *
You scratch Crazy Yiuf but do no damage.
Crazy Yiuf is almost dead.
Crazy Yiuf hits you with a quarterstaff of chaos!
You die...

▒···▒▒▒··▒
▒╬··'▒
▒▒▒·▒······
▒▒▒▒▒▒▒▒▒··▒
▒·PP·▒
▒▒▒·▒····⌠·
·······▒▒··▒
▒·PP▒▒ ▒'··▒
·%··_
·······▒▒·▒▒
▒▒·▒▒
▒▒▒·▒▒·▒·⌠·
·▒▒▒···▒▒··▒
▒·▒▒
▒··········
·▒··▒··'···▒
▒▒·▒
▒▒▒▒▒▒╬▒▒╬▒
·▒([▒·)'···▒
▒·▒▒
··▒▒▒··▒···▒
▒▒·▒
·······▒···▒
▒@▒
·······▒·▒·▒
▒·g·▒
▒▒▒▒▒▒▒▒·▒·▒
▒···▒
▒·▒▒·▒·▒·▒
▒··)▒
▒········▒
▒▒▒▒▒
▒······▒·▒
▒▒▒·▒▒▒▒·▒▒▒▒▒
▒···········▒
▒··▒▒▒··▒▒·▒▒


You could see Crazy Yiuf.

Vanquished Creatures
  An ooze (D:1)
  3 worms (D:2)
  A dart slug (D:1)
  5 leopard geckos
  7 bats
  4 giant cockroaches
  11 goblins
  2 hobgoblins
  A quokka (D:2)
  2 frilled lizards (D:2)
  11 kobolds
  3 rats
51 creatures vanquished.

Notes
Turn   | Place    | Note
-------+----------+-------------------------------------------
     0 | D:1      | Azzok the Ghoul Fighter began the quest for the Orb.
     0 | D:1      | Reached XP level 1. HP: 19/19 MP: 0/0
   133 | D:1      | Reached skill level 3 in Unarmed Combat
   133 | D:1      | Reached XP level 2. HP: 18/26 MP: 1/1
   284 | D:1      | Reached XP level 3. HP: 20/31 MP: 2/2
   425 | D:1      | Reached skill level 4 in Unarmed Combat
   843 | D:2      | Reached XP level 4. HP: 32/38 MP: 3/3
  1372 | D:3      | Found a sparkling altar of Nemelex Xobeh.
  1407 | D:3      | Found a runed door.
  1411 | D:3      | Noticed Crazy Yiuf
  1422 | D:3      | Mangled by Crazy Yiuf

Vault maps used:
D:1:      co_arrival_hexagon_in_a_hexagon, minivault_24
D:3:      kennysheep_ying_yang, nemelex_xobeh_ov_fountains_minmay, first_bread,
          kennysheep_generic_room_7, uniq_crazy_yiuf_cottage

Skill      XL: |  1  2  3 |
---------------+----------+-----
Unarmed Combat | 3 4 |  4.8
Fighting       | |  3.2
Armour         | |  2.6
Shields        | |  2.6

Action                   |  1- 3 |  4- 6 || total
-------------------------+-------+-------++-------
Melee: Unarmed           |   118 |    51 ||   169
  Eat: Chunk             |     7 |     1 ||     8
Armor: Scale mail        |    40 |    12 ||    52
Dodge: Dodged            |    34 |    11 ||    45
Block: Shield            |    45 |    17 ||    62
